 Dungeon Crawl Stone Soup version 0.30.1-11-g7821555f0a (webtiles) character file.

Game seed: 5634124103273747994

14984 Chiseanne the Fighter (level 11, -3/86 (93) HPs)
             Began as a Demonspawn Wanderer on Nov 25, 2023.
             Was an Initiate of Gozag.
             Killed from afar by Nergalle (17 damage)
             ... with a bolt of negative energy
             ... on level 10 of the Dungeon.
             The game lasted 00:32:05 (12617 turns).

Chiseanne the Fighter (Demonspawn Wanderer)        Turns: 12617, Time: 00:32:05

HP:   -3/86 (93)    AC: 18    Str: 14    XL:     11   Next: 95%
MP:   12/12         EV: 10    Int: 14    God:    Gozag
Gold: 692           SH: 17    Dex: 19    Spells: 12/12 levels left

rFire   + . .        a - +8 spear (heavy)
rCold   + . .        c - +2 kite shield {rN+}
rNeg    + . .        z - +0 chain mail {Will+}
rPois   +            n - +0 helmet
rElec   +            (no cloak)
rCorr   +            o - +0 pair of gloves
SInv    .            (no boots)
Will    ++...        m - amulet of reflection
Stlth   +            l - ring of willpower
HPRegen 0.34/turn    H - +4 ring of protection
MPRegen 0.13/turn

%: reflection
@: resistant, gold aura, drained
A: hooves 2, thin skeletal structure 2, demonic guardian 2, spiny 2
a: Renounce Religion, Potion Petition, Call Merchant, Bribe Branch


You were on level 10 of the Dungeon.
You worshipped Gozag.
Gozag was pleased with you.
You visited 3 branches of the dungeon, and saw 13 of its levels.
You also visited: Ossuary.

You collected 1782 gold pieces.
You spent 216 gold pieces at shops.
You paid 874 gold pieces to Gozag.

Inventory:

Hand Weapons
 a - a +8 heavy spear (weapon)
Missiles
 g - 10 poisoned darts
 j - 2 boomerangs
 q - 2 curare-tipped darts (quivered)
 t - 2 silver boomerangs
 D - 2 datura-tipped darts
Armour
 c - a +2 kite shield of positive energy (worn)
 n - a +0 helmet (worn)
 o - a +0 pair of gloves (worn)
 r - an orb of wrath
 z - a +0 chain mail of willpower (worn)
 A - the +2 ring mail of Shadows and Fog {*Slow rElec MP+9 Int+8}
   (You found it on level 9 of the Dungeon)

   Int:       It affects your intelligence (+8).
   rElec:     It insulates you from electricity.
   MP:        It affects your magic capacity (+9).
   *Slow:     It may slow you when you take damage.
Magical Staves
 u - the staff of earth "Ekaqyly" {rF+ MP+9}
   (You found it on level 6 of the Dungeon)

   [staff of earth]

   Base accuracy: +5 Base damage: 5 Base attack delay: 1.2 This weapon's minimum
   attack delay (0.6) is reached at skill level 12.
   rF:        It protects you from fire.
   MP:        It affects your magic capacity (+9).
   It falls into the 'Staves' category.
   It is a one-handed weapon.
Jewellery
 l - a ring of willpower (left hand)
 m - an amulet of reflection (around neck)
 C - an amulet of the acrobat
 H - a +4 ring of protection (right hand)
 I - an amulet of magic regeneration
Wands
 v - a wand of flame (22)
 K - a wand of paralysis (1)
Scrolls
 b - 5 scrolls of teleportation
 e - 4 scrolls of poison
 i - a scroll of blinking
 y - 3 scrolls of identify
 E - a scroll of amnesia
Potions
 d - 9 potions of curing
 h - 7 potions of mutation
 k - 2 potions of magic
 p - a potion of haste
 s - a potion of brilliance
 x - a potion of cancellation
Miscellaneous
 G - a box of beasts


   Skills:
 * Level 11.5 Fighting
 - Level 2.6 Polearms
 * Level 10.4 Armour
 - Level 9.4 Dodging
 - Level 1.0 Stealth
 * Level 4.2 Shields
 - Level 1.0 Spellcasting
 - Level 1.7 Fire Magic
 - Level 1.0 Evocations


You had 12 spell levels left.
You didn't know any spells.
Your spell library contained the following spells:

 Spells                   Type           Power      Damage    Failure   Level
 Foxfire                  Conj/Fire      12%        2x1d4     99%         1
 Necrotise                Necr           0%         1d4       100%        1
 Slow                     Hex            0%         N/A       100%        1
 Confusing Touch          Hex            0%         N/A       100%        3
 Inner Flame              Hex/Fire       3%         N/A       100%        3
 Vampiric Draining        Necr           0%         2d6       100%        3
 Volatile Blastmotes      Fire/Tloc      6%         2d10      100%        3
 Flame Wave               Conj/Fire      3%         2d5       100%        4
 Petrify                  Tmut/Erth      0%         N/A       100%        4
 Sticky Flame             Conj/Fire      3%         2d3       100%        4
 Agony                    Necr           0%         N/A       100%        5
 Fireball                 Conj/Fire      1%         3d3       100%        5
 Metabolic Englaciation   Hex/Ice        0%         N/A       100%        5
 Plasma Beam              Fire/Air       1%         2x1d12    100%        6
 Starburst                Conj/Fire      1%         6d3       100%        6
 Statue Form              Tmut/Erth      0%         N/A       100%        6


Dungeon Overview and Level Annotations

Branches:
Dungeon (11/15)            Temple (1/1) D:6             Orc (1/2) D:9
Ossuary (visited)
   Lair: D:8-11

Altars:
Ashenzari
Cheibriados
Gozag
Hepliaklqana
Kikubaaqudgha
Makhleb
Ru
Sif Muna
Trog
Vehumet
Xom
Yredelemnul

Shops:
D:9 [[

Annotations:
D:9 2 transporters, nukutore's ghost, amateur FeTm
D:10 Nergalle


Innate Abilities, Weirdness & Mutations

You have hoof-like feet.
You have a moderately thin skeletal structure. (Dex +4, Stealth++)
A demonic guardian rushes to your aid.
You are mostly covered in sharp spines.


Message History

Fannar closely misses you. You block the ice beast's attack.
You puncture Fannar! You kick Fannar, but do no damage.
Fannar is almost dead.
You block Nergalle's attack. Fannar is struck by your spines.
Fannar hits you with a +0 quarterstaff of freezing.
* * * LOW HITPOINT WARNING * * *
A demonic guardian appears!
You puncture Fannar!
You kill Fannar!
The ice beast disappears in a puff of smoke! x2
You block Nergalle's attack. You block the spectral orc's attack.
Your box of beasts has recharged.
Nergalle is struck by your spines. Nergalle hits you with a +0 dagger.
* * * LOW HITPOINT WARNING * * *
You climb upwards.
Your summoned ally is left behind.
The spectral orc disappears in a puff of smoke!
There is a stone staircase leading down, spattered with blood here.
You puncture Nergalle! You kick Nergalle, but do no damage.
Nergalle is moderately wounded.
Your extra speed is starting to run out.
You block Nergalle's attack.
You barely miss Nergalle. You kick Nergalle, but do no damage.
Nergalle is moderately wounded.
Nergalle mutters something.
Nergalle points at you and mumbles some strange words.
The bolt of negative energy hits you! You partially resist.
You feel drained.
* * * LOW HITPOINT WARNING * * *
You feel better. Nergalle barely misses you.
As you read the scroll of fear, it crumbles to dust.
You assume a fearsome visage.
Nergalle easily resists.
You block Nergalle's attack.
You hit Nergalle but do no damage. You kick Nergalle, but do no damage.
Nergalle is moderately wounded.
Nergalle is struck by your spines. Nergalle hits you but does no damage.
You hit Nergalle. You kick Nergalle, but do no damage.
Nergalle is moderately wounded.
Nergalle gestures at you while chanting.
The bolt of negative energy hits you! You partially resist.
You feel drained.
You die...
Your body crumbles into a pile of gold.

#.# ##....<####.# #..# #.#
#.##### #.# #..#####
#.####.##2# #.# #.......
#.....##### #.# #.#####.
#.##### #_# ###.# #.# #.
#.# ####.# #...# #.# #.
##.## #.##.# #.### #.# #.
###...# #.##.###o# ###.#
#. #.....# #.##..##@#
#...# #.
#.#...###.###.##.# #.###
#. #.##..........##.# #.#
#. ...........#####.# #.#
#####.
#.######.........#######.#
#..... #.#
#...####..........# #.###.
#.# ##### ##.######### #.#
#. #.# #...###### ##.###.
#.# #...##...####...##.


You could see Nergalle (strong).

Vanquished Creatures
  Fannar (D:11)
  A hydra (D:9)
  Erolcha (D:10)
  A boulder beetle (D:9)
  A two-headed ogre (D:9)
  Sonja (D:10)
  Pikel (D:9)
  A cyclops (D:10)
  An ugly thing (D:9)
  An orc sorcerer (Orc:1)
  A manticore (D:9)
  A kobold demonologist (D:9)
  An unseen horror (D:11)
  A hornet (D:8)
  A hornet (shapeshifter) (D:9)
  2 trolls
  A shadow (D:9)
  2 vampires
  A wraith (D:9)
  18 yaks
  2 wyverns
  A steam dragon (D:10)
  3 humans (D:7)
  An acid dragon (D:10)
  2 sky beasts
  4 orc warriors
  4 ogres
  A centaur (D:7)
  A phantom (D:5)
  Blork the orc (D:6)
  2 kobold brigands
  3 bullfrogs
  4 scorpions
  3 wights (D:9)
  2 howler monkeys
  An electric eel (D:8)
  2 hounds
  A human zombie (Ossuary)
  4 jellies
  11 orc priests
  A gnoll bouda (D:8)
  13 orc wizards
  4 iguanas
  4 mummies (Ossuary)
  5 gnolls (D:8)
  3 adders
  A shadow imp (D:6)
  An ufetubus (D:5)
  A worm (D:3)
  2 dart slugs
  38 orcs
  7 ball pythons
  4 endoplasms
  13 giant cockroaches
  A gnoll zombie (Ossuary)
  7 goblins
  4 hobgoblins
  4 jackals (D:2)
  6 quokkas
  6 bats
  9 frilled lizards
  2 goblin zombies (Ossuary)
  2 hobgoblin zombies (Ossuary)
  12 kobolds
  2 orc zombies (Ossuary)
  2 rats
  2 rat zombies (D:5)
248 creatures vanquished.

Vanquished Creatures (collateral kills)
  An ugly thing (D:9)
  A freezing wraith (D:9)
  A yak (D:9)
  A human (D:7)
  2 adders
  An orc (D:7)
  An endoplasm (D:2)
  A hobgoblin (D:4)
9 creatures vanquished.

Vanquished Creatures (others)
  A shadow (D:10)
  An orc wizard (D:7)
  2 orcs (D:8)
4 creatures vanquished.

Grand Total: 261 creatures vanquished

Notes
Turn   | Place    | Note
-------+----------+-------------------------------------------
     0 | D:1      | Chiseanne the Demonspawn Wanderer began the quest for the
                  | Orb.
     0 | D:1      | Chiseanne set off with the following items: a +3 spear, a
                  | scroll of teleportation, a +0 robe; and the following spell
                  | memorised: Foxfire; and the following spells available to
                  | memorise: Volatile Blastmotes.
     0 | D:1      | Reached XP level 1. HP: 16/16 MP: 2/2
   142 | D:1      | Gained mutation: You are partially covered in sharp spines.
                  | [demonic ancestry]
   142 | D:1      | Reached XP level 2. HP: 22/22 MP: 3/3
   257 | D:1      | Reached skill level 1 in Armour
   324 | D:1      | Reached skill level 1 in Dodging
   632 | D:1      | Gained mutation: A weak demonic guardian rushes to your
                  | aid. [demonic ancestry]
   632 | D:1      | Reached XP level 3. HP: 26/28 MP: 4/4
  1457 | D:2      | Gained mutation: You have large cloven feet. [demonic
                  | ancestry]
  1457 | D:2      | Reached XP level 4. HP: 22/34 MP: 5/5
  1567 | D:2      | Reached skill level 3 in Fighting
  2230 | D:3      | Found a faded altar of an unknown god.
  2453 | D:4      | Gained mutation: You have hoof-like feet. [demonic
                  | ancestry]
  2453 | D:4      | Reached XP level 5. HP: 41/41 MP: 6/6
  2811 | D:4      | Reached XP level 6. HP: 44/48 MP: 7/7
  3111 | D:4      | Reached skill level 4 in Fighting
  3221 | D:4      | Found a broken altar of Ashenzari.
  3243 | D:4      | Found a hazy altar of Hepliaklqana.
  3244 | D:4      | Found an ancient bone altar of Kikubaaqudgha.
  3441 | D:5      | Entered Level 5 of the Dungeon
  3604 | D:5      | Reached XP level 7. HP: 54/55 MP: 8/8
  3895 | D:5      | Reached skill level 5 in Fighting
  3983 | D:5      | Found a sand-covered staircase.
  3993 | Ossuary  | Entered an ossuary
  4456 | D:6      | Gained mutation: You are mostly covered in sharp spines.
                  | [demonic ancestry]
  4456 | D:6      | Reached XP level 8. HP: 64/64 MP: 9/9
  4507 | D:6      | Noticed Blork the orc
  4514 | D:6      | Killed Blork the orc
  4515 | D:6      | Reached skill level 5 in Dodging
  4561 | D:6      | Reached skill level 6 in Fighting
  4561 | D:6      | Reached skill level 5 in Armour
  4704 | D:6      | Found a staircase to the Ecumenical Temple.
  4733 | D:6      | Identified the staff of earth "Ekaqyly" {rF+ MP+9}
  4815 | D:6      | Found a radiant altar of Vehumet.
  5076 | D:6      | You fall into a shaft and drop 3 floors!
  5077 | D:9      | Chiseanne: FUCK YOU YOU SNEAKY SNARKY PIECES OF SHIT
  5832 | Temple   | Entered the Ecumenical Temple
  5838 | Temple   | Became a worshipper of Gozag Ym Sagoz the Greedy
  5913 | D:7      | Found a snail-covered altar of Cheibriados.
  5930 | D:7      | Found a shimmering blue altar of Sif Muna.
  5955 | D:7      | Reached skill level 7 in Fighting
  5972 | D:7      | Gained mutation: You have a somewhat thin skeletal
                  | structure. (Dex +2, Stealth+) [demonic ancestry]
  5972 | D:7      | Reached XP level 9. HP: 18/72 MP: 10/10
  6906 | D:7      | Reached skill level 8 in Fighting
  7355 | D:8      | Paralysed by a hornet for 2 turns
  7358 | D:8      | Gained mutation: You have a moderately thin skeletal
                  | structure. (Dex +4, Stealth++) [demonic ancestry]
  7358 | D:8      | Reached XP level 10. HP: 45/82 MP: 11/11
  8719 | D:9      | Reached skill level 9 in Fighting
  8769 | D:9      | Noticed Pikel
  8783 | D:9      | Killed Pikel
  8818 | D:9      | Noticed a two-headed ogre
  8844 | D:9      | Killed a two-headed ogre
  8865 | D:9      | Found a transporter.
  8870 | D:9      | Noticed a purple ugly thing
  8871 | D:9      | Noticed a two-headed ogre
  8872 | D:9      | Noticed a two-headed ogre
  8872 | D:9      | Noticed nukutore's ghost (amateur FeTm)
  8875 | D:9      | Noticed a two-headed ogre
  8879 | D:9      | Found a transporter.
  8918 | D:9      | Chiseanne: not a single reason to go n there..just death
  8972 | D:9      | Found a staircase to the Orcish Mines.
  9049 | D:9      | Identified the +2 ring mail of Shadows and Fog {*Slow rElec
                  | MP+9 Int+8}
  9057 | D:9      | Noticed a red ugly thing
  9076 | D:9      | Killed a red ugly thing
  9609 | D:10     | Entered Level 10 of the Dungeon
  9635 | D:10     | Noticed Sonja
  9642 | D:10     | Reached skill level 10 in Fighting
  9650 | D:10     | Killed Sonja
  9651 | D:10     | Gained mutation: A demonic guardian rushes to your aid.
                  | [demonic ancestry]
  9651 | D:10     | Reached XP level 11. HP: 50/90 MP: 12/12
  9826 | D:9      | Noticed a purple ugly thing
  9833 | D:9      | Killed a purple ugly thing
  9935 | D:9      | Noticed a boulder beetle
  9956 | D:9      | Killed a boulder beetle
  9976 | D:9      | Found Poont's Antique Armour Boutique.
 10043 | D:9      | Bought a +1 kite shield of positive energy for 216 gold
                  | pieces
 10395 | D:9      | Noticed a seven-headed hydra
 10403 | D:9      | Killed a seven-headed hydra
 10404 | D:9      | Reached skill level 1 in Shields
 10688 | Orc:1    | Entered Level 1 of the Orcish Mines
 10850 | Orc:1    | Found a bloodstained altar of Trog.
 10884 | Orc:1    | Noticed an orc sorcerer
 10888 | Orc:1    | Killed an orc sorcerer
 10910 | Orc:1    | Noticed an orc warlord
 11112 | D:9      | Reached skill level 11 in Fighting
 11230 | D:10     | Reached skill level 10 in Armour
 11595 | D:10     | Found a burning altar of Makhleb.
 11596 | D:10     | Noticed a cacodemon
 11682 | D:10     | Noticed Erolcha
 11699 | D:10     | Killed Erolcha
 11978 | D:10     | Found a sacrificial altar of Ru.
 12032 | D:11     | Noticed Fannar
 12595 | D:11     | Noticed Nergalle
 12609 | D:11     | Killed Fannar
 12617 | D:10     | Killed from afar by Nergalle

Illustrated notes

Levels and vault maps discovered:
D:1:      shiori_arrival_elements, layout_loops_ring
D:2:      minmay_roachtagon, layout_loops_ring
D:3:      layout_loops_cross, serial_glass, glass_columns_b, glass_columns_a,
          ebering_ecumenical_altar_petrified
D:4:      layout_basic, grunt_temple_overflow_open
D:5:      layout_gridville, enter_ossuary_4, grunt_decor_one_mirror
D:6:      layout_layer_cave, kennysheep_mini, general_overflow_altar,
          temple_pool_b, mrwooster_statue_mirror, kennysheep_boxes,
          uniq_blork_the_orc
D:7:      layout_basic, nicolae_overflow_hidden_temple, kennysheep_slug_shrine,
          mainiacjoe_overflow_concentric_impassable, minmay_ruffians
D:8:      layout_basic, serial_corexii_hall, corexii_hall_statues_x,
          corexii_hall_statues_s, nicolae_water_bricks, reono_crystal_passage
D:9:      minmay_chopped_fan, layout_loops_corners, orc_0_dummy,
          nzn_ghost_randoct, nicolae_stop_n_shop_2, uniq_pikel
D:10:     layout_loops_ring, nicolae_ru_path_of_blood,
          makhleb_altar_promises_db, uniq_sonja, uniq_erolcha
D:11:     layout_rooms, due_lair_maze_entry_diamond, uniq_fannar, uniq_nergalle
Temple:   chequers_temple_sunken
Orc:1:    layout_diamond_mine, basic_altar

Skill      XL: |  1  2  3  4  5  6  7  8  9 10 11 |
---------------+----------------------------------+-----
Armour         | 1 2 3 4 6 7 9 10 | 10.4
Dodging        | 1 2 3 4 6 7 9 |  9.4
Fighting       | 3 4 5 7 8 10 11 | 11.5
Shields        | 4 |  4.2
Polearms       | |  2.6
Stealth        | |  1.0
Spellcasting   | |  1.0
Fire Magic     | |  1.7
Evocations     | |  1.0

Action                     |  1- 3 |  4- 6 |  7- 9 | 10-12 || total
---------------------------+-------+-------+-------+-------++-------
  Melee: Spear             |    99 |   111 |   188 |   231 ||   629
         Kick              |       |    31 |    57 |    82 ||   170
         Punch             |       |       |     5 |     1 ||     6
  Throw: Boomerang         |       |     8 |     4 |       ||    12
         Dart              |       |       |    20 |    18 ||    38
 Invoke: Call Merchant     |       |       |       |     1 ||     1
  Evoke: Wand              |       |       |     1 |    13 ||    14
         Box of beasts     |       |       |       |     1 ||     1
    Use: Scroll            |     5 |     5 |    15 |     7 ||    32
         Potion            |       |       |     3 |    14 ||    17
   Stab: Sleeping          |     2 |       |       |       ||     2
         Distracted        |       |       |       |     2 ||     2
 Armour: Ring mail         |    14 |    20 |    62 |       ||    96
         Robe              |     2 |       |       |       ||     2
         Chain mail        |       |       |    13 |   111 ||   124
  Dodge: Dodged            |    19 |    31 |   104 |   103 ||   257
  Block: Kite shield       |       |       |       |   126 ||   126
         Reflection        |       |       |       |     1 ||     1
